AoeStats
← ahmadziad777

Arena

509452172Analyzed
4v4 RM · 4d ago on Sep 26, 2026· 45m 40s· 8 players
Game mode
Random Map
Map size
Large (8 player)
Population
200
Speed
Normal
Resources
Standard
Victory
Conquest
Starting age
Dark Age
Ending age
Imperial Age
RankedLock teamsTeams togetherTeam positionsShared explorationLock speedFull tech treeHidden civsTurbo modeCheats
Victory
Defeat
🇭🇷 Danes · Croatia
847
+16
🇨🇱 Turks · Chile
833
+17
828
+17
🇫🇷 Bohemians · France
814
+18
🇹🇷 Franks · Türkiye
863
-17
🇲🇽 Dravidians · Mexico
860
-43
🇮🇶 Huns · Iraq
848
-17
🇨🇳 Koreans · China
840
-17
farigs4
9:49 Feudal Age
10:31 Double-Bit Axe
13:02 Wheelbarrow
21:19 Castle Age
20:38 Horse Collar
25:33 Hand Cart
32:42 Imperial Age
30:37 Bow Saw
32:16 Ballistics
33:03 Chemistry
33:08 Wagenburg Tactics
35:05 Two-Man Saw
34:47 Conscription
34:16 Elite Hussite Wagon
35:37 Houfnice
TILONXO
9:30 Feudal Age
15:48 Castle Age
19:35 Loom
21:30 Fervor
21:43 Sanctity
24:14 Horse Collar
24:23 Double-Bit Axe
31:09 Imperial Age
29:12 Padded Archer Armor
34:00 Bow Saw
40:14 Artillery
40:35 Conscription
40:51 Hoardings
43:57 Capped Ram
43:57 Heavy Scorpion
44:57 Forging
44:48 Scale Mail Armor
44:59 Heavy Camel Rider
45:50 Bloodlines
45:41 Husbandry
Малая Токмачка
11:06 Feudal Age
9:21 Loom
15:20 Castle Age
13:43 Double-Bit Axe
14:01 Horse Collar
19:44 Bow Saw
21:24 Wheelbarrow
26:25 Hand Cart
26:36 Gold Mining
30:08 Imperial Age
27:32 Stone Mining
27:53 Fletching
27:27 Pikeman
28:08 Squires
27:35 Elite Skirmisher
28:25 Town Watch
28:45 Heavy Plow
29:12 Bodkin Arrow
30:17 Halberdier
31:03 Bracer
31:05 Padded Archer Armor
32:07 Chemistry
31:53 Elite Varangian Guard
33:09 Leather Archer Armor
34:35 Ring Archer Armor
34:08 Scale Mail Armor
36:13 Two-Man Saw
35:45 Forging
36:15 Chain Mail Armor
38:38 Elite Jarl
39:39 Conscription
40:55 Plate Mail Armor
41:01 Iron Casting
43:37 Crop Rotation
dropshot
2:38 Loom
11:36 Feudal Age
12:04 Town Watch
12:06 Horse Collar
12:14 Double-Bit Axe
19:28 Castle Age
20:18 Heavy Plow
20:32 Bow Saw
20:39 Squires
21:40 Pikeman
22:35 Scale Mail Armor
22:46 Forging
26:42 Caravan
27:47 Town Patrol
33:19 Imperial Age
31:07 Masonry
30:55 Murder Holes
33:38 Wheelbarrow
33:05 Arson
34:01 Iron Casting
33:42 Chain Mail Armor
33:17 Fletching
33:33 Padded Archer Armor
34:52 Elite Varangian Guard
35:47 Capped Ram
37:09 Conscription
36:22 Hamask
38:30 Hand Cart
40:21 Siege Ram
43:21 Blast Furnace
42:53 Plate Mail Armor
42:30 Siege Engineers
43:27 Chemistry
42:48 Ballistics
42:21 Elite Jomsviking
43:37 Hoardings
43:06 Northmen's Fury
43:58 Bodkin Arrow
santycarmar
5:13 Loom
12:04 Feudal Age
21:19 Castle Age
23:19 Double-Bit Axe
23:21 Horse Collar
23:40 Stone Mining
26:50 Wheelbarrow
26:57 Bow Saw
30:15 Fletching
30:31 Scale Barding Armor
30:26 Padded Archer Armor
31:02 Heavy Plow
33:04 Forging
32:49 Bodkin Arrow
33:10 Leather Archer Armor
32:55 Scale Mail Armor
34:55 Murder Holes
41:50 Imperial Age
43:10 Ring Archer Armor
43:16 Iron Casting
43:45 Chemistry
cnyt.s
7:38 Loom
13:11 Feudal Age
19:04 Castle Age
18:00 Scale Barding Armor
18:07 Forging
18:24 Double-Bit Axe
18:33 Gold Mining
21:24 Bow Saw
25:16 Gold Mining
32:37 Imperial Age
30:47 Wheelbarrow
29:59 Loom
31:03 Wheelbarrow
30:16 Loom
33:16 Chain Barding Armor
33:32 Iron Casting
33:26 Cavalier
34:07 Husbandry
34:11 Capped Ram
37:28 Elite Throwing Axeman
39:37 Padded Archer Armor
39:27 Fletching
41:30 Ballistics
42:10 Chemistry
41:51 Leather Archer Armor
41:32 Bodkin Arrow
Makima
9:31 Feudal Age
9:52 Horse Collar
9:57 Double-Bit Axe
13:30 Loom
18:28 Castle Age
16:58 Stone Mining
19:18 Bow Saw
20:07 Fletching
20:20 Husbandry
22:23 Wheelbarrow
23:22 Bodkin Arrow
24:52 Town Watch
25:07 Gold Mining
26:50 Ballistics
30:47 Imperial Age
28:31 Treadmill Crane
29:26 Thumb Ring
30:57 Stone Shaft Mining
30:58 Gold Shaft Mining
31:03 Hand Cart
31:47 Fortified Wall
32:13 Conscription
33:37 Chemistry
33:40 Caravan
34:04 Bracer
35:24 Elite War Wagon
35:43 Light Cavalry
37:53 Hussar
39:18 Scale Barding Armor
39:23 Forging
40:42 Heavy Plow
40:45 Heavy Rocket Cart
42:03 Chain Barding Armor
41:53 Forging
ahmadziad777
0:46 Loom
11:16 Feudal Age
11:53 Horse Collar
12:01 Double-Bit Axe
13:54 Wheelbarrow
13:40 Gold Mining
13:43 Stone Mining
21:01 Castle Age
20:03 Forging
20:00 Scale Barding Armor
21:56 Bow Saw
21:48 Heavy Plow
22:31 Gold Shaft Mining
23:19 Caravan
24:47 Hand Cart
26:23 Iron Casting
26:09 Chain Barding Armor
27:14 Pikeman
31:02 Marauders
32:11 Bloodlines
32:57 Husbandry
40:02 Imperial Age
40:05 Cavalier
42:00 Blast Furnace
41:36 Plate Barding Armor
41:13 Paladin
43:35 Conscription
Connection lost

Rejoining the realm…

Still unreachable

The connection could not be restored.

Session expired

The server has moved on; the page needs a fresh start.